 Dungeon Crawl Stone Soup version 0.21.1-1-g345015fe64 (webtiles) character file.

423 GreedyOne the Sneak (level 7, -1/36 HPs)
             Began as a Kobold Enchanter on June 11, 2018.
             Was a Believer of Ru.
             Slain by an orc warrior
             ... wielding a +0 scimitar
              (12 damage)
             ... on level 4 of the Dungeon.
             The game lasted 00:25:02 (4814 turns).

GreedyOne the Sneak (Kobold Enchanter)              Turns: 4814, Time: 00:25:03

Health: -1/36      AC: -1    Str:  6    XL:     7   Next: 17%
Magic:  4/10       EV: 15    Int: 16    God:    Ru [**....]
Gold:   95         SH:  0    Dex: 17    Spells: 4/10 levels left

rFire    . . .     SeeInvis .   a - +0 rapier
rCold    . . .     Gourm    .   (shield restricted)
rNeg     . . .     Faith    .   b - +0 robe
rPois    .         Spirit   .   (no helmet)
rElec    .         Reflect  .   i - +0 cloak {MR+}
rCorr    .         Harm     .   z - +0 pair of gloves {archery}
MR       +....                  (no boots)
Stlth    ++++......             (no amulet)
HPRegen  0.12/turn              (no ring)
MPRegen  0.12/turn              (no ring)

@: drained
A: small, carnivore, reduced AC 1
a: Renounce Religion


You were on level 4 of the Dungeon.
You worshipped Ru.
Ru was pleased with you.
You were very full.

You visited 1 branch of the dungeon, and saw 4 of its levels.

You collected 264 gold pieces.
You spent 169 gold pieces at shops.

Inventory:

Hand Weapons
 a - a +0 rapier (weapon)
 J - a +0 hand axe of chopping
Armour
 b - a +0 robe (worn)
 e - a +0 cloak
 i - a +0 cloak of magic resistance (worn)
 z - a +0 pair of gloves of archery (worn)
Jewellery
 s - an uncursed ring of fire
 H - a +5 ring of strength {unknown}
Scrolls
 g - 2 scrolls of magic mapping {unknown}
 h - 2 scrolls of teleportation {unknown}
 j - 2 scrolls of remove curse
 l - 3 scrolls of immolation
 n - 7 scrolls of identify {unknown}
 o - 4 scrolls of fear {unknown}
 p - a scroll of fog {unknown}
 q - 2 scrolls of amnesia {unknown}
 t - a scroll of enchant armour {unknown}
 v - a scroll of blinking {unknown}
 y - a scroll of noise {unknown}
 F - 2 scrolls of enchant weapon {unknown}
 I - a scroll of acquirement {unknown}
Potions
 f - a potion of haste {unknown}
 k - 2 potions of curing {unknown}
 m - a potion of invisibility {unknown}
 r - a potion of flight {unknown}
 u - a potion of mutation {unknown}
 w - a potion of agility {unknown}
 x - a potion of resistance {unknown}
 A - 3 potions of magic {unknown}
 B - 2 potions of ambrosia {unknown}
 C - a potion of brilliance {unknown}
 D - a potion of degeneration {unknown}
 E - a potion of heal wounds {unknown}
 G - a potion of lignification {unknown}
Books
 c - a book of Maledictions

   Spells                             Type                      Level
   a - Corona                         Hexes                        1
   b - Ensorcelled Hibernation        Hexes/Ice                    2
   c - Confuse                        Hexes                        3
   d - Tukima's Dance                 Hexes                        3
   e - Dazzling Spray                 Conjuration/Hexes            3
Comestibles
 d - 9 rations


   Skills:
 + Level 5.5(5.4) Short Blades
 - Level 2.4(2.3) Dodging
 + Level 7.2(7.1) Stealth
 - Level 2.1 Spellcasting
 + Level 4.6(4.5) Hexes


You had 4 spell levels left.
You knew the following spells:

 Your Spells              Type           Power        Failure   Level  Hunger
a - Corona                Hex            ###....      3%          1    #......
b - Ensorcelled Hibernat  Hex/Ice        #.....       12%         2    ###....
c - Confuse               Hex            ###.....     10%         3    ###....


Dungeon Overview and Level Annotations

Branches:
Dungeon (4/15)
 Temple: D:4-7

Altars:
Gozag
Ru
Vehumet
Wu Jian
The Shining One

Shops:
D:4 *


Innate Abilities, Weirdness & Mutations

You are small and have problems with some larger weapons.
You are carnivorous and can eat meat at any time.
You take slightly more damage. (AC -5)


Message History

The orc warrior is almost dead.
The orc warrior closely misses you.
You hit the orc warrior but do no damage.
The orc warrior is almost dead.
The orc warrior misses you.
You hit the orc warrior.
The orc warrior is almost dead.
The orc warrior hits you with a scimitar!
You focus your will and blind the orc warrior in retribution!
You hit the orc warrior but do no damage.
The orc warrior is almost dead.
You hit the orc warrior but do no damage.
The orc warrior is almost dead.
The orc warrior barely misses you.
You closely miss the orc warrior.
The orc warrior is almost dead.
You closely miss the orc warrior.
The orc warrior is almost dead.
The orc warrior hits you with a scimitar!
You die...

#..#####.#$.##...#
#..##.#.8.(##....# #..# .(....#
#)..############
#..###o#o8.#.#...............
#####...##.#....##..####.........
.......#.##o# ...##....##.......#
######.##..#.# #..#....#.........
#..##########.#....##.......#
##...........@o.....##.......#
#..##......##.......##........
####.###......##.......##.>......
......##......################..#
...)..........# #..#
..............# #...
..............# ##### ♣♣##...
<..)<.........# #)..#♣♣ ♣♣......
##..(.##......# #)..'.♣♣♣♣......#


You could see an orc warrior (blind).

Vanquished Creatures
  A phantom (D:4)
  The ghost of gorpus the Grave Robber, an amateur OpNe (D:3)
  Crazy Yiuf (D:4)
  2 hounds
  2 orc wizards (D:4)
  An iguana (D:2)
  An adder (D:4)
  2 oozes
  3 worms
  2 dart slugs (D:1)
  A leopard gecko (D:4)
  9 orcs
  7 bats
  2 giant cockroaches
  4 goblins
  6 hobgoblins
  2 quokkas
  4 frilled lizards
  5 kobolds
  6 rats
62 creatures vanquished.

Notes
Turn   | Place    | Note
-------+----------+-------------------------------------------
     0 | D:1      | GreedyOne the Kobold Enchanter began the quest for the Orb.
     0 | D:1      | Reached XP level 1. HP: 10/10 MP: 3/3
   297 | D:1      | Reached XP level 2. HP: 4/15 MP: 1/5
   585 | D:1      | Found a glowing golden altar of the Shining One.
   665 | D:1      | Learned a level 2 spell: Ensorcelled Hibernation
  1098 | D:1      | Reached XP level 3. HP: 19/19 MP: 1/6
  1329 | D:2      | Reached skill level 5 in Stealth
  1688 | D:2      | Found an ornate altar of the Wu Jian Council.
  1753 | D:2      | Found a radiant altar of Vehumet.
  1830 | D:2      | Reached XP level 4. HP: 24/24 MP: 0/7
  2027 | D:2      | Found a sacrificial altar of Ru.
  2035 | D:2      | Became a worshipper of Ru the Awakened
  2430 | D:3      | Noticed gorpus's ghost (amateur OpNe)
  2523 | D:2      | Learned a level 3 spell: Confuse
  2553 | D:2      | 2
  2553 | D:2      | D:2
  3470 | D:3      | Found an opulent altar of Gozag.
  3535 | D:3      | Killed gorpus's ghost
  3535 | D:3      | Reached skill level 6 in Stealth
  3535 | D:3      | Reached XP level 5. HP: 20/28 MP: 1/8
  3697 | D:4      | Found Ushaoneth's Assorted Antiques.
  3715 | D:4      | Bought 3 scrolls labeled FEEMIS JEQE for 57 gold pieces
  3715 | D:4      | Bought a scroll labeled QEMMOL HESEACK for 19 gold pieces
  3715 | D:4      | Bought a scroll labeled QEMMOL HESEACK for 19 gold pieces
  3715 | D:4      | Bought a murky puce potion for 17 gold pieces
  3715 | D:4      | Bought a scroll labeled INAQOMN NOKIW for 19 gold pieces
  3715 | D:4      | Bought a scroll labeled LEHIAS MURHAE for 19 gold pieces
  3715 | D:4      | Bought a scroll labeled INAQOMN NOKIW for 19 gold pieces
  3728 | D:4      | Noticed a phantom
  3847 | D:4      | Killed a phantom
  3847 | D:4      | Reached skill level 5 in Short Blades
  3847 | D:4      | Reached XP level 6. HP: 29/32 MP: 5/9
  4054 | D:4      | Noticed an orc warrior
  4583 | D:4      | Found a runed door.
  4587 | D:4      | Noticed Crazy Yiuf
  4591 | D:4      | Killed Crazy Yiuf
  4591 | D:4      | Reached skill level 7 in Stealth
  4591 | D:4      | Reached XP level 7. HP: 36/36 MP: 10/10
  4652 | D:4      | Gained mutation: You take slightly more damage. (AC -5) [Ru sacrifice]
  4652 | D:4      | Reached * piety under Ru
  4652 | D:4      | Reached ** piety under Ru
  4814 | D:4      | Slain by an orc warrior

Skill      XL: |  1  2  3  4  5  6 |
---------------+-------------------+-----
Short Blades   | 2 3 4 5 |  5.5
Stealth        | 5 6 7 |  7.2
Hexes          | 4 |  4.6
Dodging        | |  2.4
Spellcasting   | |  2.1

Action                   |  1- 3 |  4- 6 |  7- 9 || total
-------------------------+-------+-------+-------++-------
Melee: Dagger            |    47 |       |       ||    47
       Short sword       |    60 |    16 |       ||    76
       Rapier            |       |    78 |    10 ||    88
 Cast: Corona            |     6 |     5 |     1 ||    12
       Ensorcelled Hiber |    17 |    27 |     4 ||    48
       Confuse           |       |     7 |       ||     7
Invok: Sacrifice Health  |       |       |     1 ||     1
  Use: Scroll            |       |     2 |       ||     2
 Stab: Sleeping          |    17 |    14 |     4 ||    35
       Confused          |       |     3 |       ||     3
  Eat: Chunk             |    12 |    10 |     2 ||    24
Armor: Robe              |    11 |    16 |       ||    27
Dodge: Dodged            |    57 |    50 |     3 ||   110
